 Dungeon Crawl Stone Soup version 0.31-a0-743-g45f7035092 (webtiles) character file.

Game seed: 1203449756700325730

101657 iamoutofideas the Severer (level 16, -8/202 HPs)
             Began as a Hill Orc Berserker on Sept 12, 2023.
             Was a High Priest of Trog.
             Mangled by a skeletal warrior
             ... wielding a +0 trident
              (11 damage)
             ... on level 13 of the Dungeon.
             The game lasted 00:32:06 (24053 turns).

iamoutofideas the Severer (Hill Orc Berserker)     Turns: 24053, Time: 00:32:06

Health: -8/202     AC: 24    Str: 32    XL:     16   Next: 31%
Magic:  16/16      EV:  9    Int:  7    God:    Trog [*****.]
Gold:   1250       SH:  0    Dex: 12    Spells: 15/15 levels left

rFire   . . .        j - +0 battleaxe
rCold   . . .        (shield currently unavailable)
rNeg    . . .        K - +3 plate armour
rPois   .            p - +0 helmet
rElec   .            Y - +0 cloak
rCorr   .            b - +1 pair of gloves
SInv    .            (no boots)
Will    +....        (no amulet) Stlth
                     r - +4 ring of protection
HPRegen 0.53/turn    m - +6 ring of strength
MPRegen 0.15/turn

%: no passive effects
@: berserking (expiring), very quick
A: no striking features
a: Renounce Religion, Berserk, Trog's Hand, Brothers in Arms


You were on level 13 of the Dungeon.
You worshipped Trog.
Trog was extremely pleased with you.
You visited 4 branches of the dungeon, and saw 20 of its levels.
You also visited: Bailey.

You collected 1695 gold pieces.
You spent 445 gold pieces at shops.

Inventory:

Hand Weapons
 j - a +0 battleaxe (weapon)
 I - a +4 scimitar of flaming
 N - a +5 war axe
Missiles
 d - 3 atropa-tipped darts
Armour
 a - +0 acid dragon scales
 b - a +1 pair of gloves (worn)
 p - a +0 helmet (worn)
 C - the +5 ring mail of a wizard's laboratory {Str+4 Dex+3}
   (You found it on level 1 of the Orcish Mines)

   Str+4:     It affects your strength (+4).
   Dex+3:     It affects your dexterity (+3).
 K - a +3 plate armour (worn)
 W - a +2 buckler
 Y - a +0 cloak (worn)
Jewellery
 g - a +5 ring of evasion
 i - a ring of flight
 m - a +6 ring of strength (right hand)
 r - a +4 ring of protection (left hand)
 M - a ring of fire
 T - a ring of poison resistance
Wands
 s - a wand of quicksilver (13)
 v - a wand of flame (4)
 G - a wand of mindburst (13)
 P - a wand of polymorph (12)
 V - a wand of roots (10)
 X - a wand of paralysis (3)
Scrolls
 n - 4 scrolls of teleportation
 w - a scroll of poison
 x - 13 scrolls of enchant weapon
 y - 4 scrolls of enchant armour
 z - 2 scrolls of fog
 L - a scroll of silence
 O - a scroll of revelation
 Q - a scroll of immolation
 R - a scroll of torment
 S - a scroll of noise
 Z - a scroll of blinking
Potions
 c - 2 potions of might
 e - a potion of heal wounds
 f - 2 potions of brilliance
 h - a potion of ambrosia
 k - 8 potions of curing
 o - 4 potions of berserk rage
 q - 2 potions of resistance
 t - 8 potions of lignification
 u - 7 potions of enlightenment
 B - 6 potions of mutation
 E - 2 potions of haste
 F - a potion of invisibility
 U - a potion of attraction
Miscellaneous
 A - a sack of spiders


   Skills:
 + Level 10.5 Fighting
 + Level 19.4 Axes
 + Level 6.4 Armour
 + Level 5.0 Dodging
 - Level 14.1 Stealth
 - Level 10.8 Evocations


You had 15 spell levels left.
You didn't know any spells.
Your spell library contained the following spells:

 Spells                   Type           Power      Damage    Failure   Level
 Magic Dart               Conj           0%         1d3       98%         1
 Sandblast                Erth           0%         2d4       98%         1
 Shock                    Conj/Air       0%         1d3       98%         1
 Slow                     Hex            0%         N/A       98%         1
 Cigotuvi's Dreadful Rot  Necr/Pois/Air  0%         N/A       99%         2
 Ensorcelled Hibernation  Hex/Ice        0%         N/A       99%         2
 Passwall                 Tmut/Erth      0%         N/A       99%         2
 Searing Ray              Conj           0%         2d4       99%         2
 Confusing Touch          Hex            0%         N/A       100%        3
 Sigil of Binding         Hex            0%         N/A       100%        3
 Stone Arrow              Conj/Erth      0%         3d7       100%        3
 Swiftness                Air            0%         N/A       100%        3
 Tukima's Dance           Hex            0%         N/A       100%        3
 Vampiric Draining        Necr           0%         2d6       100%        3
 Volatile Blastmotes      Fire/Tloc      0%         2d10      100%        3
 Airstrike                Air            0%         2d(0-16)  100%        4
 Animate Armour           Summ/Erth      0%         N/A       100%        4
 Dispel Undead            Necr           0%         3d6       100%        4
 Fulminant Prism          Conj/Hex       0%         3d5       100%        4
 Iskenderun's Mystic Bla  Conj/Tloc      0%         2d3       100%        4
 Passage of Golubria      Tloc           0%         N/A       100%        4
 Petrify                  Tmut/Erth      0%         N/A       100%        4
 Summon Forest            Summ/Tloc      0%         N/A       100%        5
 Yara's Violent Unravell  Hex/Tmut       0%         3d3       100%        5
 Death Channel            Necr           0%         N/A       100%        6
 Eringya's Noxious Bog    Tmut/Pois      0%         4d6       100%        6
 Summon Hydra             Summ           0%         N/A       100%        7
 Lehudib's Crystal Spear  Conj/Erth      0%         10d2      100%        8
 Dragon's Call            Summ           0%         N/A       100%        9


Dungeon Overview and Level Annotations

Branches:
Dungeon (13/15)            Temple (1/1) D:5            Lair (5/5) D:8
 Shoals (0/4) Lair:3       Spider (0/4) Lair:2          Orc (1/2) D:9
 Bailey (visited)
  Slime: Lair:4-5    Vaults: D:13-14

Altars:
Ashenzari
Cheibriados
Dithmenos
Elyvilon
Fedhas
Gozag
Hepliaklqana
Kikubaaqudgha
Makhleb
Nemelex Xobeh
Okawaru
Qazlal
Ru
Sif Muna
Trog
Uskayaw
Vehumet
Wu Jian
Xom
Yredelemnul
Zin
The Shining One
Beogh

Shops:
D:6 *?!   D:12 [   Orc:1 (

Annotations:
D:4 Natasha
D:6 2 runed translucent doors


Message History

The skeletal warrior is heavily damaged.
You slash the skeletal warrior! x2
You slash the skeletal warrior!
The skeletal warrior is severely damaged.
You slash the skeletal warrior! x2
The skeletal warrior hits you with a +0 trident.
* * * LOW HITPOINT WARNING * * *
The skeletal warrior hits you with a +0 glaive!
* * * LOW HITPOINT WARNING * * *
The skeletal warrior hits you but does no damage.
You slash the skeletal warrior!
The skeletal warrior is almost destroyed.
You hit the skeletal warrior but do no damage.
You hit the skeletal warrior. You slash the skeletal warrior!
You destroy the skeletal warrior!
Trog accepts your kill.
You barely miss the skeletal warrior. You closely miss the skeletal warrior.
The skeletal warrior hits you with a +0 trident!
* * * LOW HITPOINT WARNING * * *
The skeletal warrior closely misses you.
You are too berserk!
You hit the skeletal warrior.
The skeletal warrior is severely damaged.
You barely miss the skeletal warrior. You closely miss the skeletal warrior.
The skeletal warrior is severely damaged.
You closely miss the skeletal warrior.
The skeletal warrior hits you but does no damage.
The skeletal warrior hits you with a +0 trident!
* * * LOW HITPOINT WARNING * * *
You slice the skeletal warrior!!
The skeletal warrior is almost destroyed.
You slash the skeletal warrior! You slice the skeletal warrior!!
You destroy the skeletal warrior!
Trog accepts your kill.
You barely miss the skeletal warrior.
The skeletal warrior hits you with a +0 trident!
You die...

##... ..#....#
########...##...##
#...#.....#
#...#.....#
#...#..!..#
#...#.)8..#
#...#.....#
#..(#..z).#
#...#..)@)#
#...##.).##
#....#...#
##...#...#
#......## #......#
#8..#### #####


You could see a skeletal warrior.

Vanquished Creatures
  Fannar (D:12)
  An alligator (Lair:5)
  2 two-headed ogres
  Erica (D:9)
  3 centaur warriors
  2 death yaks (Lair:3)
  4 boulder beetles
  4 skeletal warriors (D:13)
  A skyshark (Lair:3)
  Amaemon (D:11)
  4 harpies (Lair:3)
  An ugly thing (D:11)
  4 cyclopes
  13 elephants
  Maurice (D:12)
  5 black mambas
  4 cane toads
  A torpor snail (Lair:3)
  An orange demon (D:11)
  2 gargoyles
  2 unseen horrors (D:13)
  2 rime drakes
  4 kobold demonologists (D:9)
  3 komodo dragons
  7 trolls
  A hornet (D:7)
  Grinder (D:3)
  A polar bear (Lair:3)
  Prince Ribbit (D:6)
  14 blink frogs
  A jumping spider (Lair:2)
  Sigmund (D:6)
  9 slime creatures
  4 wyverns
  2 vampires
  2 wraiths (D:11)
  A shadow (D:11)
  29 yaks
  2 basilisks
  3 steam dragons
  Eustachio (D:5)
  3 redbacks (Lair:2)
  4 vampire mosquitoes (D:12)
  6 wargs (Orc:1)
  7 water moccasins
  2 acid dragons
  14 orc warriors
  A black bear (D:7)
  4 sky beasts
  4 wolves (Lair:3)
  7 centaurs
  2 ogres
  A phantom (D:6)
  3 kobold brigands
  12 bullfrogs
  3 gnoll sergeants
  7 scorpions (D:6)
  12 wights
  5 killer bees (D:9)
  4 electric eels
  9 orc priests
  11 jellies
  Ijyb (D:3)
  2 gnoll boudas
  2 hounds
  A sleepcap (D:7)
  An iguana (D:6)
  Jessica (D:3)
  22 orc wizards
  Natasha (D:4)
  A hell rat (Lair:4)
  Robin (D:2)
  37 gnolls
  5 adders
  2 shadow imps
  An ufetubus (D:7)
  3 worms (D:2)
  3 dart slugs
  60 orcs
  9 ball pythons
  2 bat zombies (D:7)
  14 endoplasms
  3 giant cockroaches (D:2)
  8 hobgoblins
  3 jackals (D:1)
  3 quokkas
  7 bats
  A frilled lizard (D:2)
  16 goblins
  26 kobolds
  3 rats
  A rat zombie (D:7)
508 creatures vanquished.

Vanquished Creatures (collateral kills)
  Gastronok (Lair:3)
  A water moccasin (Lair:3)
2 creatures vanquished.

Grand Total: 510 creatures vanquished

Notes
Turn   | Place    | Note
-------+----------+-------------------------------------------
     0 | D:1      | iamoutofideas the Hill Orc Berserker began the quest for
                  | the Orb.
     0 | D:1      | Reached XP level 1. HP: 19/19 MP: 1/1
   371 | D:1      | Reached XP level 2. HP: 24/27 MP: 2/2
  1244 | D:2      | Reached XP level 3. HP: 32/33 MP: 3/3
  1246 | D:2      | Reached skill level 5 in Axes
  1318 | D:2      | Reached ** piety under Trog
  1449 | D:2      | Reached XP level 4. HP: 37/40 MP: 4/4
  1863 | D:2      | Noticed Robin
  1881 | D:2      | Killed Robin
  1919 | D:2      | Reached skill level 6 in Axes
  1924 | D:2      | Reached XP level 5. HP: 43/47 MP: 5/5
  2352 | D:3      | Found a faded altar of an unknown god.
  2395 | D:3      | Noticed Grinder
  2405 | D:3      | Paralysed by Grinder for 4 turns
  2410 | D:3      | Killed Grinder
  2411 | D:3      | Reached skill level 7 in Axes
  2411 | D:3      | Reached XP level 6. HP: 29/53 MP: 6/6
  2551 | D:3      | Noticed Jessica
  2560 | D:3      | Killed Jessica
  2711 | D:3      | Noticed Ijyb
  2729 | D:3      | Killed Ijyb
  3128 | D:4      | Noticed Natasha
  3137 | D:4      | Killed Natasha
  3138 | D:4      | Reached skill level 8 in Axes
  3165 | D:4      | Reached XP level 7. HP: 60/60 MP: 7/7
  3300 | D:4      | Noticed Natasha
  3303 | D:4      | Found a hazy altar of Hepliaklqana.
  3303 | D:4      | You fall into a shaft and drop 2 floors!
  3342 | D:6      | Found Tudewell's Distillery.
  3365 | D:6      | Bought a potion of curing for 36 gold pieces
  3365 | D:6      | Bought a potion of lignification for 36 gold pieces
  3365 | D:6      | Bought a potion of curing for 36 gold pieces
  3365 | D:6      | Bought a potion of heal wounds for 60 gold pieces
  3410 | D:6      | Reached skill level 5 in Fighting
  3511 | D:6      | Found a large runed translucent door.
  3514 | D:6      | Found a large runed translucent door.
  3521 | D:6      | Found a large runed translucent door.
  3521 | D:6      | Found a large runed translucent door.
  3561 | D:6      | Reached skill level 9 in Axes
  3602 | D:5      | Entered Level 5 of the Dungeon
  3793 | D:5      | Found a staircase to the Ecumenical Temple.
  3894 | Temple   | Entered the Ecumenical Temple
  4216 | D:5      | Noticed Eustachio
  4231 | D:5      | Killed Eustachio
  4232 | D:5      | Reached skill level 10 in Axes
  4232 | D:5      | Reached XP level 8. HP: 68/68 MP: 8/8
  4777 | D:6      | Reached skill level 5 in Armour
  4777 | D:6      | Reached skill level 1 in Stealth
  4847 | D:6      | Reached skill level 11 in Axes
  5131 | D:6      | Noticed Prince Ribbit
  5143 | D:6      | Killed Prince Ribbit
  5144 | D:6      | Reached skill level 12 in Axes
  5144 | D:6      | Reached XP level 9. HP: 74/74 MP: 9/9
  5271 | D:6      | Found Puppel's General Store.
  5275 | D:6      | Reached *** piety under Trog
  5276 | D:6      | Reached skill level 13 in Axes
  5288 | D:6      | Found Ahiloshri's Magic Scroll Shoppe.
  5303 | D:6      | Bought a potion of heal wounds for 60 gold pieces
  5330 | D:6      | Noticed Sigmund
  5340 | D:6      | Killed Sigmund
  5480 | D:6      | Noticed a cyclops
  5490 | D:6      | Killed a cyclops
  5491 | D:6      | Reached skill level 14 in Axes
  5721 | D:6      | Reached skill level 15 in Axes
  5996 | D:7      | Noticed a hornet
  6012 | D:7      | Killed a hornet
  6013 | D:7      | Reached XP level 10. HP: 15/81 MP: 10/10
  6014 | D:7      | Reached skill level 16 in Axes
  6052 | D:7      | Found a flagged portal.
  6092 | Bailey   | Entered a bailey
  6423 | Bailey   | Reached **** piety under Trog
  7003 | D:7      | Found an ancient bone altar of Kikubaaqudgha.
  7088 | D:7      | Found a roughly hewn altar of Beogh.
  7092 | D:7      | Reached skill level 5 in Dodging
  7676 | D:8      | Found a staircase to the Lair.
  7965 | D:8      | Reached skill level 5 in Stealth
  8762 | D:9      | Noticed a kobold demonologist
  8768 | D:9      | Noticed a kobold demonologist
  8768 | D:9      | Noticed a kobold demonologist
  8768 | D:9      | Noticed a rust devil
  8768 | D:9      | Noticed a kobold demonologist
  8769 | D:9      | Noticed a sun demon
  8776 | D:9      | Killed a kobold demonologist
  8785 | D:9      | HP: 2/81 [sun demon[a kobold demonologist] (18)]
  9000 | D:9      | Killed a kobold demonologist
  9008 | D:9      | Killed a kobold demonologist
  9009 | D:9      | Killed a kobold demonologist
  9010 | D:9      | Reached XP level 11. HP: 86/86 MP: 11/11
  9368 | D:9      | Noticed Erica
  9387 | D:9      | Killed Erica
  9945 | D:9      | Found a staircase to the Orcish Mines.
 10252 | D:9      | Got Sif Muna's Quarto of the Union and Erosion
 10722 | D:10     | Entered Level 10 of the Dungeon
 10735 | D:10     | Found a sparkling altar of Nemelex Xobeh.
 10759 | D:10     | Noticed a two-headed ogre
 10985 | D:9      | Killed a two-headed ogre
 11091 | D:9      | HP: 3/86 [acid dragon/splash of acid (26)]
 11482 | D:10     | Reached skill level 10 in Stealth
 11649 | D:10     | Found a shimmering blue altar of Sif Muna.
 11858 | D:10     | Found a stormy altar of Qazlal.
 11898 | D:10     | Found a shadowy altar of Dithmenos.
 11898 | D:10     | Found a shimmering altar of Xom.
 12248 | D:11     | Noticed a red ugly thing
 12260 | D:11     | Killed a red ugly thing
 12841 | D:11     | Got the Grimoire of Telluric Bewitchment
 12864 | D:11     | Noticed a boulder beetle
 13048 | D:11     | Noticed a centaur warrior
 13059 | D:11     | Reached XP level 12. HP: 62/94 MP: 12/12
 13061 | D:11     | Killed a centaur warrior
 13062 | D:11     | Reached skill level 1 in Evocations
 13066 | D:11     | Killed a boulder beetle
 13301 | D:11     | Noticed a boulder beetle
 13303 | D:11     | Noticed Amaemon
 13319 | D:11     | Killed Amaemon
 13323 | D:11     | Killed a boulder beetle
 13938 | Lair:1   | Entered Level 1 of the Lair of Beasts
 14634 | D:12     | Noticed Fannar
 14653 | D:12     | Killed Fannar
 14801 | D:12     | Found Rifith's Antique Armour Emporium.
 14923 | D:12     | Reached skill level 5 in Evocations
 14962 | D:12     | Bought a glowing buckler for 217 gold pieces
 15650 | D:12     | Noticed a two-headed ogre
 15663 | D:12     | Killed a two-headed ogre
 15865 | D:12     | Noticed Maurice
 15866 | D:12     | Paralysed by Maurice for 3 turns
 15878 | D:12     | Killed Maurice
 16818 | Lair:1   | Reached XP level 13. HP: 100/100 MP: 13/13
 17680 | Lair:2   | Found a hole to the Spider Nest.
 18266 | Lair:2   | Reached ***** piety under Trog
 18725 | Lair:3   | Found a staircase to the Shoals.
 19304 | Lair:3   | Reached skill level 10 in Evocations
 19437 | Lair:3   | Noticed Gastronok
 19451 | Lair:3   | Killed Gastronok
 20883 | Lair:4   | Reached skill level 17 in Axes
 20883 | Lair:4   | Reached XP level 14. HP: 107/107 MP: 14/14
 20992 | Lair:4   | Reached skill level 18 in Axes
 21536 | Lair:5   | Entered Level 5 of the Lair of Beasts
 21542 | Lair:5   | Reached XP level 15. HP: 113/113 MP: 15/15
 21976 | Lair:5   | Reached XP level 16. HP: 132/132 MP: 16/16
 22543 | Orc:1    | Entered Level 1 of the Orcish Mines
 22863 | Orc:1    | Found Sywn's Antique Weapon Emporium.
 23281 | Orc:1    | Reached skill level 19 in Axes
 23294 | Orc:1    | Reached skill level 10 in Fighting
 23325 | Orc:1    | Identified the +5 ring mail of a wizard's laboratory {Str+4
                  | Dex+3}
 24029 | D:13     | Identified the +6 long sword of Riugav {freeze, Int+3 SInv}
 24051 | D:13     | HP: 3/202 [skeletal warrior/+0 trident (11)]
 24053 | D:13     | Mangled by a skeletal warrior

Illustrated notes

Levels and vault maps discovered:
D:1:      sevenhm_arrival_forest_fort_small_6, layout_loops_corners
D:2:      layout_loops_corners, minmay_split_cup_large, uniq_robin
D:3:      layout_rooms, hellmonk_ecumenical_altar_run_dry, uniq_grinder,
          uniq_jessica, uniq_ijyb
D:4:      layout_loops_ring, nicolae_hepliaklqana_hazy_memory, enter_ossuary_4,
          serial_bayou_pond_e, uniq_edmund, uniq_natasha
D:5:      layout_loops_corners, minmay_temple_entry_wispy, uniq_eustachio
D:6:      layout_loops_corners, serial_shops, nicolae_shop_hallway_plus,
          nicolae_shop_tiny_glass, shop, minmay_hollow_rounded_squares,
          uniq_prince_ribbit1, uniq_sigmund
D:7:      layout_loops_cross, lemuel_zombie_altar_kikubaaqudgha, enter_bailey_6,
          david_defended_altar_orc
D:8:      layout_basic, lair_entry_dummy
D:9:      layout_loops_ring, orc_david_3, uniq_erica
D:10:     layout_big_octagon, nicolae_overflow_crystal_walls,
          nemelex_xobeh_ov_fountains_minmay, kennysheep_mini,
          gammafunk_temple_overflow_statue
D:11:     layout_basic, uniq_amaemon
D:12:     layout_gridville, serial_shops, nicolae_inconvenience_store,
          uniq_maurice, uniq_fannar
D:13:     kennysheep_spiral_hall, layout_loops_ring, minmay_statue_crystal_thing
Temple:   regret_index_temple_generic_petals
Lair:1:   layout_chaotic_city, st_stairs_10, lemuel_fruit_tree
Lair:2:   lemuel_slime, layout_misc_corridors, spider_nest_entry_a
Lair:3:   layout_regular_city, nicolae_shoals_entry_roost, uniq_gastronok
Lair:4:   layout_hall_layers
Lair:5:   hellmonk_lair_end_abyssal_woods, layout_cave_pods, slime_entry_1,
          serial_bayou_crossing, lemuel_fruit_fields, lemuel_fruit_fields
Orc:1:    layout_caves, serial_shops, shop_fountains, nooodl_orcs_dogs

Skill      XL: |  1  2  3  4  5  6  7  8  9 10 11 12 13 14 15 16 |
---------------+-------------------------------------------------+-----
Fighting       | 4 5 9 10 | 10.5
Axes           | 5 6 7 8 10 12 15 16 17 18 19 | 19.4
Dodging        | 2 3 5 |  5.0
Armour         | 3 4 5 6 |  6.4
Stealth        | 1 7 11 13 14 | 14.1
Evocations     | 7 10 | 10.8

Action                     |  1- 3 |  4- 6 |  7- 9 | 10-12 | 13-15 | 16-18 || total
---------------------------+-------+-------+-------+-------+-------+-------++-------
  Melee: Hand axe          |   134 |   142 |    68 |       |       |       ||   344
         Punch             |     3 |     1 |     1 |       |       |       ||     5
         Battleaxe         |       |       |   176 |   732 |   357 |   220 ||  1485
 Invoke: Berserk           |     1 |     3 |     9 |    20 |     7 |     3 ||    43
         Trog's Hand       |       |     1 |       |     9 |     2 |     1 ||    13
         Brothers in Arms  |       |       |       |     1 |     1 |       ||     2
  Evoke: Wand              |       |       |       |     6 |       |       ||     6
    Use: Scroll            |       |     6 |     6 |    10 |     5 |     3 ||    30
         Potion            |       |       |       |     8 |     3 |     1 ||    12
   Stab: Distracted        |       |       |       |       |     1 |       ||     1
 Armour: Animal skin       |    27 |       |       |       |       |       ||    27
         Ring mail         |    47 |    66 |       |       |       |       ||   113
         Skin              |    16 |       |       |       |       |       ||    16
         Chain mail        |       |    12 |   226 |   144 |       |       ||   382
         Plate armour      |       |       |       |   666 |   450 |   255 ||  1371
  Dodge: Dodged            |    73 |    62 |   109 |   404 |   203 |    78 ||   929

Table legend: (Time is in decaauts)
 A = Elapsed time spent in this place.
 B = Non-inter-level travel time spent in this place.
 C = Inter-level travel time spent in this place.
 D = Time resting spent in this place.
 E = Time spent auto-exploring this place.
 F = Levels seen in this place.
 G = Mean time per level.
                   A        B        C        D        E       F      G
               +--------+--------+--------+--------+--------+-----+--------+
         Total |  24297 |  23016 |   1281 |   6241 |  12854 |  21 | 1157.0 |
       Dungeon |  16529 |  15472 |   1057 |   4288 |   8345 |  13 | 1271.5 |
        Temple |      1 |      0 |      1 |      0 |      0 |   1 |    1.0 |
          Lair |   6112 |   5936 |    176 |   1699 |   3510 |   5 | 1222.4 |
  Orcish Mines |    971 |    926 |     45 |    152 |    640 |   1 |  971.0 |
        Bailey |    682 |    682 |      0 |    102 |    359 |   1 |  682.0 |
               +--------+--------+--------+--------+--------+-----+--------+

Top non-repeatable levels by time:
     D:9: 2301 daAuts
     D:8: 2055 daAuts
    D:11: 1973 daAuts
     D:6: 1934 daAuts
    D:12: 1923 daAuts
  Lair:4: 1527 daAuts
  Lair:3: 1449 daAuts
  Lair:1: 1296 daAuts
  Lair:2: 1265 daAuts
     D:1: 1199 daAuts
     D:2: 1161 daAuts
   Orc:1: 971 daAuts
     D:5: 913 daAuts
     D:7: 860 daAuts
    D:10: 826 daAuts
